 Zot Defence DCSS version 0.14.2 (webtiles) character file.

1745 Void2512 the Ruinous (level 8, 0/26 (66) HPs)
             Began as a Demigod Conjurer on July 24, 2015.
             Rotted away (an adder)
             ... in the Realm of Zot (Scenario II: Battle Heart).
             The game lasted 00:14:11 (1452 turns).

Void2512 the Ruinous (Demigod Conjurer)             Turns: 1452, Time: 00:14:11

HP   0/26 (66)   AC  2     Str 11      XL: 8   Next: 48%
MP  22/22        EV 13     Int 23      God:
Gold 0           SH  0     Dex 18      Spells:  3 memorised,  9 levels left

rFire  . . .     SeeInvis .     j - -3,+0 club (curse)
rCold  . . .     Clarity  .     a - +0 robe
rNeg   . . .     Conserve .     (no shield)
rPois  .         rCorr    .     (no helmet)
rElec  .         rRot     .     (no cloak)
SustAb . .       Spirit   .     (no gloves)
rMut   .         Warding  .     (no boots)
Saprov . . .     Stasis   .     (no amulet)
MR     .....                    (no ring)
                                (no ring)

@: lethally poisoned, not resistant to hostile enchantments, fairly stealthy
A: no striking features
a: Make dart trap, Make oklob sapling, Make arrow trap, Make plant, Remove
Curse, Make burning bush, Make altar, Make grenades, Make oklob plant, Make net
trap


You were in the Realm of Zot.
You were not hungry.

You visited 1 branch

Inventory:

Hand weapons
 j - a cursed -3,+0 club (weapon)
 k - a +0,+0 whip
 m - a +2,+1 flail
 o - a +0,+0 dagger
 p - a +0,+0 club
 r - a +0,+0 club
 s - a +0,+0 whip
 u - a +0,+0 club
 v - a +0,+1 dagger
 w - a +2,+2 dagger
 x - a +0,+0 scythe
 y - a +1,+1 whip of freezing
Missiles
 l - 4 darts (quivered)
Armour
 a - a +0 robe (worn)
 n - a cursed +0 leather armour
 q - a +0 robe
 t - a +0 leather armour
Magical devices
 z - a wand of digging (12) {unknown}
Comestibles
 d - a bread ration
Scrolls
 i - a scroll of blinking
Potions
 b - 3 potions of curing
 e - a potion of heal wounds
 f - a potion of haste
 g - 2 potions of magic
 h - a potion of berserk rage
Books
 c - a book of Conjurations

   Spells                             Type                      Level
   *Magic Dart                        Conjuration                  1
   *Searing Ray                       Conjuration                  2
   Dazzling Spray                     Conjuration/Hexes            3
   Fulminant Prism                    Conjuration/Hexes            4
   *Iskenderun's Mystic Blast         Conjuration                  4
   Iskenderun's Battlesphere          Conjuration/Charms           5


   Skills:
 + Level 3.9 Fighting
 + Level 5.4 Maces & Flails
 + Level 2.2 Dodging
 - Level 1.7 Stealth
 + Level 4.7 Spellcasting
 + Level 6.6 Conjurations


You had 9 spell levels left.
You knew the following spells:

 Your Spells              Type           Power        Failure   Level  Hunger
a - Magic Dart            Conj           ####         1%          1    None
b - Searing Ray           Conj           #####.       1%          2    None
c - Iskenderun's Mystic   Conj           #####...     10%         4    ####...


Dungeon Overview and Level Annotations

Branches:
    Zot (1/1)


Message History

* * * LOW HITPOINT WARNING * * *
Your flesh rots away as the Orb of Zot is desecrated.
* * * LOW HITPOINT WARNING * * *
Your flesh rots away as the Orb of Zot is desecrated.
* * * LOW HITPOINT WARNING * * *
The worker ant closely misses you.
Your flesh rots away as the Orb of Zot is desecrated.
* * * LOW HITPOINT WARNING * * *
You closely miss the adder.
Your flesh rots away as the Orb of Zot is desecrated.
* * * LOW HITPOINT WARNING * * *
The adder is moderately wounded.
* * * LOW HITPOINT WARNING * * *
You feel sick.
Your flesh rots away as the Orb of Zot is desecrated.
* * * LOW HITPOINT WARNING * * *
Your flesh rots away as the Orb of Zot is desecrated.
* * * LOW HITPOINT WARNING * * *
Your flesh rots away as the Orb of Zot is desecrated.
You die...

▓▓ .▓▓▓ ▓▓▓ ▓▓ ...▓▓ ▓▓.▓▓ ▓▓.
....▓▓ ▓▓...▓▓ ▓▓.. .....▓▓▓
▓▓.....▓▓ ▓▓▓...
.......▓▓▓▓▓▓▓.......▓▓▓▓▓▓▓.....
.......▓.........go........▓o....
................@So..g....o......
.▓▓▓▓▓▓▓.........a.........▓▓▓▓▓▓
▓▓ ▓▓▓▓▓▓▓.......▓▓▓▓▓▓▓
▓▓.....▓▓ ▓▓...▓▓ ▓▓.▓▓ ▓▓▓▓▓▓
▓▓▓▓▓▓▓▓▓▓▓▓▓▓▓ ▓▓▓▓ .....▓▓
▓∆∆∆∆∆▓ ▓∆∆∆∆∆▓ ▓▓... ......▓
▓∆▓∆▓∆▓▓▓∆▓∆▓∆▓ ▓....


You could see an orc warrior, a worker ant, an adder, an orc, a hobgoblin and a
goblin.

Vanquished Creatures
  Pikel (Zot)
  Menkaure (Zot)
  Sigmund (Zot)
  A giant slug (Zot)
  Blork the orc (Zot)
  4 gnoll shamans (Zot)
  A worker ant (Zot)
  An orc wizard (Zot)
  Jessica (Zot)
  An adder (Zot)
  A gnoll (Zot)
  A green rat (Zot)
  A giant mite (Zot)
  A worm (Zot)
  5 oozes (Zot)
  11 orcs (Zot)
  3 ball pythons (Zot)
  13 bats (Zot)
  4 giant cockroaches (Zot)
  15 goblins (Zot)
  13 hobgoblins (Zot)
  A jackal (Zot)
  6 kobolds (Zot)
  5 giant geckos (Zot)
  A kobold zombie (Zot)
  21 rats (Zot)
115 creatures vanquished.

Notes
Turn   | Place    | Note
--------------------------------------------------------------
     0 | Zot      | Void2512, the Demigod Conjurer, began the quest for the Orb.
     0 | Zot      | Reached XP level 1. HP: 14/14 MP: 3/3
   240 | Zot      | Reached skill level 4 in Conjurations
   240 | Zot      | Reached XP level 2. HP: 20/20 MP: 1/4
   390 | Zot      | Reached XP level 3. HP: 26/26 MP: 0/8
   632 | Zot      | Reached XP level 4. HP: 32/34 MP: 1/11
   671 | Zot      | Reached skill level 1 in Maces & Flails
   671 | Zot      | Reached skill level 5 in Conjurations
   671 | Zot      | Reached XP level 5. HP: 39/39 MP: 3/12
   792 | Zot      | Reached skill level 1 in Fighting
   792 | Zot      | Reached XP level 6. HP: 45/47 MP: 11/16
   818 | Zot      | Noticed Pikel
   876 | Zot      | Noticed Jessica
   925 | Zot      | Noticed an orc warrior
   974 | Zot      | Noticed Menkaure
   991 | Zot      | Killed Menkaure
   991 | Zot      | Reached XP level 7. HP: 10/56 MP: 11/19
   998 | Zot      | Killed Jessica
  1081 | Zot      | Killed Pikel
  1081 | Zot      | Reached skill level 6 in Conjurations
  1081 | Zot      | Reached XP level 8. HP: 30/63 MP: 13/21
  1082 | Zot      | Noticed Blork the orc
  1087 | Zot      | Learned a level 2 spell: Searing Ray
  1109 | Zot      | Killed Blork the orc
  1141 | Zot      | Noticed Sigmund
  1149 | Zot      | Learned a level 4 spell: Iskenderun's Mystic Blast
  1210 | Zot      | Killed Sigmund
  1210 | Zot      | Reached skill level 5 in Maces & Flails
  1452 | Zot      | HP: 1/27 [rotting (an adder)]
  1452 | Zot      | Rotted away (an adder)

Action                   |  1- 3 |  4- 6 |  7- 9 || total
-------------------------+-------+-------+-------++-------
Melee: Club              |   187 |   262 |   308 ||   757
 Cast: Magic Dart        |    49 |    38 |    13 ||   100
       Searing Ray       |       |       |    12 ||    12
       Iskenderun's Myst |       |       |     2 ||     2
